 Dungeon Crawl Stone Soup version 0.28-a0-973-ga7f8b01127 (webtiles) character file.

Game seed: 9225300022422588531

8504 bearlyready the Destroyer (level 11, -2/82 HPs)
             Began as a Grey Draconian Conjurer on Dec 2, 2021.
             Was an Initiate of Gozag.
             Slain by Erolcha (13 damage)
             ... on level 11 of the Dungeon.
             The game lasted 00:23:26 (12848 turns).

bearlyready the Destroyer (DrCj)                   Turns: 12848, Time: 00:23:27

Health: -2/82      AC: 14    Str: 11    XL:     11   Next: 10%
Magic:  5/20       EV: 16    Int: 22    God:    Gozag
Gold:   1019       SH:  4    Dex:  9    Spells: 10/22 levels left

rFire   + . .      SeeInvis .   p - staff of conjuration
rCold   . . .      Faith    .   y - +0 buckler of Cynicism {rPois}
rNeg    . . .      Spirit   .   (armour unavailable)
rPois   +          Reflect  .   (helmet restricted)
rElec   .          Harm     .   s - +0 cloak
rCorr   .          Rampage  .   (no gloves)
Will    .....                   c - +0 pair of boots
Stlth   ++........              (no amulet)
HPRegen 0.23/turn               u - +4 ring of evasion
MPRegen 0.17/turn               r - ring of protection from fire

@: no status effects
A: AC +12, amphibious, unfitting armour, cold-blooded
a: Renounce Religion, Potion Petition, Call Merchant, Bribe Branch


You were on level 11 of the Dungeon.
You worshipped Gozag.
Gozag was most pleased with you.
You visited 2 branches of the dungeon, and saw 12 of its levels.
You also visited: Sewer.

You collected 1124 gold pieces.
You paid 105 gold pieces to Gozag.

Inventory:

Hand Weapons
 k - a +1 quarterstaff
 t - a +0 dagger
Armour
 c - a +0 pair of boots (worn)
 s - a +0 cloak (worn)
 y - the +0 buckler of Cynicism (worn) {rPois}
   (You found it on level 5 of the Dungeon)

   rPois:     It protects you from poison.
Magical Staves
 e - a staff of poison
 p - a staff of conjuration (weapon)
Jewellery
 a - a ring of positive energy
 q - a ring of see invisible
 r - a ring of protection from fire (right hand)
 u - a +4 ring of evasion (left hand)
 E - a ring of ice
Wands
 i - a wand of charming (1)
 j - a wand of mindburst (4)
Scrolls
 f - 4 scrolls of blinking
 g - 3 scrolls of fog
 l - a scroll of fear
 v - a scroll of teleportation {unknown}
 x - a scroll of acquirement
 z - a scroll of summoning
 A - a scroll of enchant weapon
 F - 3 scrolls of enchant armour
Potions
 b - a potion of cancellation
 d - 2 potions of heal wounds
 h - 2 potions of curing
 m - 4 potions of lignification
 n - a potion of mutation
 o - 2 potions of attraction {unknown}
 w - a potion of magic {unknown}
 B - 2 potions of resistance
 D - a potion of ambrosia {unknown}


   Skills:
 + Level 3.5 Fighting
 - Level 6.1 Staves
 - Level 1.7 Dodging
 - Level 1.7 Stealth
 - Level 5.1 Shields
 - Level 6.0 Spellcasting
 + Level 11.3 Conjurations
 - Level 3.1 Hexes
 + Level 5.0 Translocations
 + Level 5.2 Evocations


You had 10 spell levels left.
You knew the following spells:

 Your Spells              Type           Power      Damage    Failure   Level
a - Magic Dart            Conj           100%       1d8       1%          1
b - Searing Ray           Conj           100%       2d8       1%          2
c - Fulminant Prism       Conj/Hex       27%        3d14      4%          4
d - Apportation           Tloc           56%        N/A       1%          1
e - Iskenderun's Mystic   Conj/Tloc      59%        2d12      3%          4

Your spell library contained the following spells:

 Spells                   Type           Power      Damage    Failure   Level
 Dazzling Flash           Conj/Hex       100%       N/A       1%          3
 Gell's Gravitas          Tloc           28%        N/A       3%          3
 Lesser Beckoning         Tloc           28%        N/A       3%          3
 Teleport Other           Tloc           28%        N/A       3%          3
 Tukima's Dance           Hex            20%        N/A       8%          3
 Animate Skeleton         Necr           12%        N/A       9%          1
 Summon Small Mammal      Summ           24%        N/A       9%          1
 Passage of Golubria      Tloc           28%        N/A       11%         4
 Summon Ice Beast         Ice/Summ       6%         N/A       65%         4
 Summon Mana Viper        Hex/Summ       13%        N/A       78%         5
 Yara's Violent Unravell  Hex/Tmut       6%         3d5       78%         5
 Monstrous Menagerie      Summ           3%         N/A       100%        7


Dungeon Overview and Level Annotations

Branches:
Dungeon (11/15)            Temple (1/1) D:7            Lair (0/6) D:9
  Sewer (visited)
    Orc: D:9-12

Altars:
Ashenzari
Cheibriados
Dithmenos
Elyvilon
Fedhas
Gozag
Hepliaklqana
Kikubaaqudgha
Makhleb
Nemelex Xobeh
Okawaru
Qazlal
Ru
Sif Muna
Trog
Uskayaw
Vehumet
Wu Jian
Xom
Yredelemnul
Zin
The Shining One

Shops:
D:3 *   D:9 :

Annotations:
D:10 Erolcha, Nergalle


Innate Abilities, Weirdness & Mutations

Your dull iron-grey scales are very hard. (AC +12)
You are amphibious.
You cannot fit into any form of body armour.
You are cold-blooded and may be slowed by cold attacks.


Message History

Unknown command.
Throw: throwing net
Press: ? - help, Q - select action, (/) - cycle Shift-Dir - straight line, f/p - Erolcha
Aim: Erolcha, wielding a +0 giant club and wearing a +0 robe (almost dead, 67% to hit)
You throw a throwing net. The throwing net barely misses Erolcha.
Erolcha barely misses you.
You hit Erolcha but do no damage.
Erolcha is almost dead.
Erolcha mumbles some strange words.
Erolcha flickers and vanishes!
Deactivating autopickup; reactivate with Ctrl-A.
There is an open door here.
You don't have any such object.
Evoke which item? (* to show all) (? for menu, Esc to quit)
Okay, then.
You hear some strange, mumbled words.
Something tries to affect you, but you resist.
You hear some strange, mumbled words.
A fireball appears from out of thin air!
The fireball explodes!
The fireball engulfs you! You resist.
Casting: Searing Ray (safe; 1% risk of failure)
Confirm with . or Enter, or press ? or * to list all spells.
You don't have enough magic to cast this spell.
You hear some strange, mumbled words.
A fireball appears from out of thin air!
The fireball explodes!
The fireball engulfs you! You resist.
Something tries to affect you, but you resist.
There is a stone staircase leading down here.
Something closely misses you.
You climb downwards.
Reactivating autopickup.
Found a stone staircase leading up.
There is a stone staircase leading up here.
You start resting.
Something hits you!
Deactivating autopickup; reactivate with Ctrl-A.
Something hits you!!
* * * LOW HITPOINT WARNING * * *
Something hits you!
You die...
Your body crumbles into a pile of gold.

###############
.......@.......
...............
...............
...############
.. <


There were no monsters in sight!

Vanquished Creatures
  2 two-headed ogres
  An elephant (D:9)
  Psyche (D:10)
  Grinder (D:5)
  A hornet (D:10)
  2 trolls
  Prince Ribbit (D:6)
  A yak (D:9)
  2 wyverns
  A steam dragon (D:7)
  A basilisk (D:9)
  3 water moccasins
  Pargi (Sewer)
  2 sky beasts
  2 orc warriors
  3 black bears
  3 ogres
  2 centaurs
  A kobold brigand (D:9)
  A gnoll sergeant (D:7)
  3 bullfrogs
  2 scorpions
  A wyvern skeleton (D:3)
  13 killer bees
  27 wights
  3 centaur zombies
  2 hounds
  3 jellies
  2 centaur skeletons
  An orc priest (D:8)
  A bullfrog skeleton (D:5)
  Crazy Yiuf (D:4)
  3 iron imps (D:3)
  4 iguanas
  5 orc wizards
  A killer bee zombie (D:7)
  2 hound skeletons (D:4)
  2 howler monkey zombies
  Robin (D:4)
  8 gnolls
  12 adders
  A river rat (D:3)
  A shadow imp (D:7)
  A white imp (D:6)
  An ufetubus (D:6)
  2 worms (D:3)
  3 dart slugs
  9 orcs
  3 endoplasms
  3 giant cockroaches
  19 goblins
  9 hobgoblins
  2 jackals (D:3)
  4 quokkas
  10 ball pythons
  3 bats
  4 frilled lizards
  11 kobolds
  7 rats
222 creatures vanquished.

Vanquished Creatures (others)
  50 fulminant prisms
  2 fungi (D:9)
52 creatures vanquished.

Grand Total: 274 creatures vanquished

Notes
Turn   | Place    | Note
-------+----------+-------------------------------------------
     0 | D:1      | bearlyready the Draconian Conjurer began the quest for the
                  | Orb.
     0 | D:1      | Reached XP level 1. HP: 14/14 MP: 3/3
   485 | D:1      | Reached XP level 2. HP: 12/20 MP: 0/5
   732 | D:1      | Found a faded altar of an unknown god.
  1635 | D:2      | Reached skill level 5 in Conjurations
  1635 | D:2      | Reached XP level 3. HP: 26/26 MP: 1/6
  1772 | D:2      | Learned a level 2 spell: Searing Ray
  1920 | D:2      | Reached XP level 4. HP: 30/33 MP: 1/7
  2261 | D:3      | Reached skill level 1 in Staves
  2312 | D:3      | Reached skill level 6 in Conjurations
  2312 | D:3      | Reached XP level 5. HP: 31/38 MP: 2/8
  2689 | D:3      | Reached XP level 6. HP: 22/45 MP: 0/9
  2844 | D:3      | Found a glowing drain.
  2854 | Sewer    | Entered a sewer
  3050 | Sewer    | Noticed Pargi
  3055 | Sewer    | Killed Pargi
  3056 | Sewer    | Reached skill level 1 in Fighting
  3340 | D:3      | Found a faded altar of an unknown god.
  3405 | D:3      | Learned a level 4 spell: Fulminant Prism
  3601 | D:3      | Found a burning altar of Makhleb.
  4477 | D:3      | Found an ancient bone altar of Kikubaaqudgha.
  4553 | D:3      | Found Turetud's Assorted Antiques.
  4762 | D:3      | Reached skill level 7 in Conjurations
  4762 | D:3      | Your scales start taking on a dull iron-grey colour.
  4762 | D:3      | Reached XP level 7. HP: 55/55 MP: 2/10
  4840 | D:3      | Reached skill level 1 in Hexes
  5230 | D:4      | Found a runed translucent door.
  5231 | D:4      | Noticed Crazy Yiuf
  5237 | D:4      | Killed Crazy Yiuf
  5350 | D:4      | Noticed Robin
  5376 | D:4      | Killed Robin
  6186 | D:5      | Entered Level 5 of the Dungeon
  6453 | D:5      | Noticed Grinder
  6465 | D:5      | Paralysed by Grinder for 5 turns
  6470 | D:5      | Killed Grinder
  6471 | D:5      | Reached skill level 5 in Staves
  6471 | D:5      | Reached XP level 8. HP: 55/61 MP: 3/11
  6598 | D:5      | Reached skill level 8 in Conjurations
  6771 | D:5      | Identified the +0 buckler of Cynicism {rPois}
  7186 | D:6      | Reached skill level 1 in Shields
  7236 | D:6      | Noticed Prince Ribbit
  7271 | D:6      | Killed Prince Ribbit
  7653 | D:6      | Learned a level 1 spell: Apportation
  7765 | D:6      | Reached XP level 9. HP: 62/67 MP: 6/14
  8078 | D:7      | Noticed a two-headed ogre
  8151 | D:7      | Reached skill level 9 in Conjurations
  8522 | D:7      | Found a staircase to the Ecumenical Temple.
  8534 | Temple   | Entered the Ecumenical Temple
  8672 | Temple   | Became a worshipper of Gozag Ym Sagoz the Greedy
  8731 | D:7      | Killed a two-headed ogre
  8732 | D:7      | Reached skill level 5 in Spellcasting
  8966 | D:7      | Reached skill level 5 in Shields
  9131 | D:7      | Found a hide-covered altar of Uskayaw.
  9457 | D:8      | Reached skill level 10 in Conjurations
  9635 | D:8      | Reached XP level 10. HP: 73/73 MP: 10/18
  9733 | D:8      | Found a broken altar of Ashenzari.
  9745 | D:8      | Reached skill level 1 in Evocations
  9766 | D:8      | Learned a level 4 spell: Iskenderun's Mystic Blast
  9980 | D:8      | Reached skill level 1 in Translocations
 10044 | D:8      | Identified a scroll of acquirement
 10533 | D:8      | Noticed a two-headed ogre
 10538 | D:8      | Killed a two-headed ogre
 10608 | D:8      | Found a white marble altar of Elyvilon.
 10610 | D:8      | Found a bloodstained altar of Trog.
 10869 | D:9      | Noticed an elephant
 10870 | D:9      | Found a staircase to the Lair.
 10876 | D:9      | Killed an elephant
 10892 | D:9      | Reached skill level 11 in Conjurations
 11309 | D:9      | Found Pucidem's Self-Improvement Boutique.
 12218 | D:10     | Entered Level 10 of the Dungeon
 12492 | D:10     | Reached skill level 5 in Evocations
 12492 | D:10     | Reached XP level 11. HP: 64/82 MP: 12/20
 12706 | D:10     | Noticed Nergalle
 12709 | D:10     | Reached skill level 5 in Translocations
 12807 | D:10     | Noticed Psyche
 12812 | D:10     | Killed Psyche
 12813 | D:10     | Noticed Erolcha
 12848 | D:11     | Slain by Erolcha

Illustrated notes

Levels and vault maps discovered:
D:1:      saegor_arrival_simple_d, layout_loops_cross,
          dreamdust_ecumenical_altar_hidden_monk_grotto
D:2:      layout_basic
D:3:      minmay_evil_eye, layout_basic, nicolae_overflow_ecumenical_swirl,
          demons_altar, gup_sewer_entry_bubbles, serial_shops,
          nicolae_shop_advertising_works [nicolae_subvault_shop_adworks],
          bh_walls_and_bars
D:4:      layout_basic, serial_curves, eino_curves_01, eino_curves_04,
          kennysheep_generic_room_12, uniq_crazy_yiuf_cottage, uniq_robin
D:5:      layout_gridville, uniq_grinder
D:6:      layout_basic, uniq_prince_ribbit1
D:7:      layout_rooms, mainiacjoe_overflow_concentric_impassable,
          minmay_temple_entry_sparse_star
D:8:      layout_rooms, nicolae_ashenzari_panopticon, jmf_multi_god_temple,
          grunt_ministairs_15
D:9:      layout_layer_cave, david_lair_generic, nicolae_shop_self_help
D:10:     layout_loops_corners, serial_glass, glass_columns_b, glass_columns_b,
          item_on_display_a, feat_on_display, due_unseen_surprise,
          item_on_display_a, minmay_hedge_maze, uniq_nergalle, uniq_psyche,
          uniq_erolcha
D:11:     layout_long_grid, erik_orc_4
Temple:   kb_temple_of_zot

Skill      XL: |  1  2  3  4  5  6  7  8  9 10 11 |
---------------+----------------------------------+-----
Conjurations   | 5 6 7 8 10 11 | 11.3
Staves         | 2 3 5 6 |  6.1
Fighting       | 2 3 |  3.5
Hexes          | 3 |  3.1
Shields        | 2 5 |  5.1
Spellcasting   | 3 5 6 |  6.0
Evocations     | 5 |  5.2
Translocations | 4 5 |  5.0
Dodging        | |  1.7
Stealth        | |  1.7

Action                   |  1- 3 |  4- 6 |  7- 9 | 10-12 || total
-------------------------+-------+-------+-------+-------++-------
Melee: Unarmed           |    35 |       |       |       ||    35
       Tailslap          |     3 |     4 |    22 |     7 ||    36
       Staff             |    16 |     6 |     9 |    77 ||   108
       Quarterstaff      |       |   109 |   175 |       ||   284
Throw: Throwing net      |       |       |     3 |     1 ||     4
 Cast: Magic Dart        |    53 |     2 |       |       ||    55
       Searing Ray       |     1 |    15 |    27 |    16 ||    59
       Fulminant Prism   |       |     3 |    22 |    25 ||    50
       Apportation       |       |       |       |     1 ||     1
Evoke: Wand              |       |       |     2 |     1 ||     3
  Use: Scroll            |       |     5 |       |    11 ||    16
       Potion            |       |       |       |     1 ||     1
 Stab: Sleeping          |       |     3 |     1 |       ||     4
       Distracted        |       |       |       |     1 ||     1
Armor: Skin              |    20 |    47 |   154 |    43 ||   264
Dodge: Dodged            |    70 |    84 |   277 |    59 ||   490
Block: Buckler           |       |       |     3 |    23 ||    26

Table legend: (Time is in decaauts)
 A = Elapsed time spent in this place.
 B = Non-inter-level travel time spent in this place.
 C = Inter-level travel time spent in this place.
 D = Time resting spent in this place.
 E = Time spent auto-exploring this place.
 F = Levels seen in this place.
 G = Mean time per level.
                   A        B        C        D        E       F      G
               +--------+--------+--------+--------+--------+-----+--------+
         Total |  12916 |  12405 |    511 |    401 |   9844 |  13 |  993.5 |
       Dungeon |  12399 |  11936 |    463 |    375 |   9483 |  11 | 1127.2 |
        Temple |    169 |    121 |     48 |      0 |    109 |   1 |  169.0 |
         Sewer |    346 |    346 |      0 |     26 |    252 |   1 |  346.0 |
               +--------+--------+--------+--------+--------+-----+--------+

Top non-repeatable levels by time:
     D:3: 2303 daAuts
     D:6: 1523 daAuts
     D:9: 1454 daAuts
     D:8: 1371 daAuts
     D:1: 1288 daAuts
     D:2: 1208 daAuts
     D:4: 1103 daAuts
     D:5: 808 daAuts
     D:7: 747 daAuts
    D:10: 587 daAuts
   Sewer: 346 daAuts
  Temple: 169 daAuts
    D:11: 2 daAuts
